 Dungeon Crawl Stone Soup version 0.25-a0-279-g53730b6a6f (webtiles) character file.

Game seed: 8184016426930006549, levelgen mode: deterministic

8080 MrRokkomies the Nimble (level 11, 0/58 HPs)
             Began as a Spriggan Venom Mage on Dec 10, 2019.
             Was an Initiate of Gozag.
             Hit by a javelin thrown by a minotaur (26 damage)
             ... in a Gauntlet.
             The game lasted 00:53:45 (11618 turns).

MrRokkomies the Nimble (Spriggan Venom Mage)       Turns: 11618, Time: 00:53:49

Health: 0/58       AC:  7    Str:  7    XL:     11   Next: 5%
Magic:  3/10       EV: 24    Int: 18    God:    Gozag
Gold:   969        SH:  0    Dex: 16    Spells: 4/20 levels left

rFire    . . .     SeeInvis +   w - +4 fustibalus "Arbiter" {velocity, +Inv rC+++ MP-9 SInv}
rCold    + + +     Gourm    .   (shield restricted)
rNeg     . . .     Faith    .   d - +1 robe
rPois    .         Spirit   .   F - +1 hat
rElec    .         Reflect  .   r - +2 cloak {MR+}
rCorr    .         Harm     .   (gloves unavailable)
MR       +++..     NoTele   +   (boots unavailable)
Stlth    ++++......             (no amulet)
HPRegen  0.19/turn              n - ring of protection from magic
MPRegen  0.12/turn              u - ring of stealth

@: very slightly contaminated, very quick
A: very small, unfitting armour, see invisible, herbivore, speed 3, slow
metabolism 2
a: Potion Petition, Call Merchant, Bribe Branch, Renounce Religion, Evoke
Invisibility


You were in a Gauntlet.
You worshipped Gozag.
Gozag was pleased with you.
You were not hungry.

You visited 1 branch of the dungeon, and saw 11 of its levels.
You also visited: Gauntlet.

You collected 1067 gold pieces.
You paid 98 gold pieces to Gozag.

Inventory:

Hand Weapons
 a - a +0 dagger of venom
 w - the +4 fustibalus "Arbiter" (weapon) {velocity, +Inv rC+++ MP-9 SInv}
   (You found it on level 9 of the Dungeon)

   Any stone fired from it inflicts extra damage.
   It renders you almost immune to cold.
   It affects your magic capacity (-9).
   It lets you see invisible.
   It lets you turn invisible.
 D - a +1 hunting sling
Missiles
 g - 15 boomerangs
 m - 285 stones (quivered)
 x - 19 poisoned darts
 y - 63 sling bullets
 z - 3 throwing nets
Armour
 d - a +1 robe (worn)
 r - a +2 cloak of magic resistance (worn)
 F - a +1 hat (worn)
 L - the +0 buckler "Qomon" {rN+ Stlth+}
   (You acquired it on level 8 of the Dungeon)

   It protects you from negative energy.
   It makes you more stealthy.
Magical Staves
 b - an uncursed staff of energy
Jewellery
 n - a ring of protection from magic (left hand)
 s - an uncursed ring of protection from fire
 u - a ring of stealth (right hand)
 E - an uncursed ring of positive energy
 H - the amulet of Inoipn Nehe {Spirit rC++ Str+4}
   (You found it in a Gauntlet)

   [amulet of guardian spirit]

   It causes incoming damage to be split between your health and magic.
   It affects your strength (+4).
   It greatly protects you from cold.
Wands
 l - a wand of acid (7)
 o - a wand of flame (14)
 A - a wand of paralysis (4)
 G - a wand of random effects (17)
 K - a wand of iceblast (11)
Scrolls
 e - 4 scrolls of enchant weapon
 h - a scroll of identify
 i - 3 scrolls of fog
 k - 5 scrolls of teleportation
 p - a scroll of enchant armour
 q - 4 scrolls of amnesia
 B - 2 scrolls of blinking
 J - a scroll of summoning
 M - 3 scrolls of remove curse
 P - a scroll of immolation
Potions
 f - 2 potions of might
 j - 2 potions of brilliance
 t - 3 potions of lignification
 v - a potion of flight
 C - a potion of cancellation
 I - 2 potions of curing
 N - a potion of ambrosia
 R - a potion of haste
Miscellaneous
 Q - a lamp of fire (inert)
Comestibles
 c - 13 rations


   Skills:
 * Level 6.6 Fighting
 + Level 4.0 Slings
 - Level 8.3 Dodging
 - Level 5.0 Stealth
 - Level 5.1 Spellcasting
 - Level 4.1 Charms
 - Level 4.0 Transmutations
 * Level 5.6 Ice Magic
 - Level 5.0 Air Magic
 - Level 8.0 Poison Magic
 + Level 4.6 Evocations


You had 4 spell levels left.
You knew the following spells:

 Your Spells              Type           Power        Failure   Level  Hunger
a - Sting                 Tmut/Pois      ####         1%          1    None
b - Poisonous Vapours     Pois/Air       ####..       1%          2    #......
c - Mephitic Cloud        Conj/Pois/Air  ###.....     7%          3    ##.....
d - Ignite Poison         Fire/Tmut/Pois ###.....     8%          3    ##.....
e - Olgreb's Toxic Radia  Pois           ####....     4%          4    ####...
f - Ozocubu's Armour      Chrm/Ice       ###.....     5%          3    ##.....

Your spell library contained the following spells:

 Spells                   Type           Power        Failure   Level  Hunger
 Freeze                   Ice            ###.         1%          1    None
 Ensorcelled Hibernation  Hex/Ice        ##....       6%          2    #......
 Passwall                 Tmut/Erth      ##......     9%          2    #......
 Sandblast                Erth           #.....       13%         1    None
 Summon Small Mammal      Summ           #...         13%         1    None
 Call Imp                 Summ           #.......     21%         2    #......
 Call Canine Familiar     Summ           #.......     36%         3    ##.....
 Stone Arrow              Conj/Erth      #.....       36%         3    ##.....
 Summon Guardian Golem    Hex/Summ       #.......     36%         3    ##.....
 Hailstorm                Conj/Ice       ##......     38%         4    ####...
 Summon Ice Beast         Ice/Summ       ##......     38%         4    ####...
 Summon Lightning Spire   Summ/Air       ##......     43%         4    ####...
 Petrify                  Tmut/Erth      ##......     50%         4    ####...
 Leda's Liquefaction      Hex/Erth       #.........   78%         4    ####...
 Ozocubu's Refrigeration  Ice            ###.......   89%         6    #######
 Lee's Rapid Deconstruct  Erth           #.........   98%         5    ######.
 Freezing Cloud           Conj/Ice/Air   ###.......   99%         6    #######


Dungeon Overview and Level Annotations

Branches:
Dungeon (11/15)            Temple (0/1) D:7            Lair (0/6) D:11
    Orc (0/2) D:9         Gauntlet (1/1)

Altars:
Ashenzari
Dithmenos
Elyvilon
Fedhas
Gozag
Hepliaklqana
Kikubaaqudgha
Makhleb
Nemelex Xobeh
Okawaru
Qazlal
Vehumet
Wu Jian
Xom

Shops:
D:8 !

Annotations:
Gauntlet 6 transporters


Innate Abilities, Weirdness & Mutations

You are very small and have problems with some larger weapons.
You are too small for most types of armour.
You have supernaturally acute eyesight. (SInv)
You are a herbivore.
You cover ground extremely quickly.
You need to consume almost no food.


Message History

The minotaur throws a javelin.
The javelin pierces through you!!
Ouch! That really hurt!
The minotaur throws a javelin.
The javelin misses you.
Firing (i - inventory. (/) - cycle)
m - 287 stones (quivered)
Press: ? - help, Shift-Dir - straight line, f/p - minotaur
Aim: a minotaur, wearing a +0 plate armour and quivering 8 javelins (flame, severely wounded)
You shoot a stone. The stone hits the minotaur.
The minotaur is almost dead.
The minotaur is engulfed in blazing flames.
The minotaur throws a javelin.
The javelin closely misses you.
Firing (i - inventory. (/) - cycle)
m - 286 stones (quivered)
Press: ? - help, Shift-Dir - straight line, f/p - minotaur
Aim: a minotaur, wearing a +0 plate armour and quivering 7 javelins (flame, almost dead)
You shoot a stone.
The stone hits the minotaur but does no damage.
The minotaur is almost dead.
The minotaur is engulfed in blazing flames.
The minotaur throws a javelin.
The javelin pierces through you!!
You die...
Your body crumbles into a pile of gold.

#########.©..©.###########
####......#####
...............
...............
###.###.###.###
###.###.###.###
#.............#
#.###.###.###.#
#......@......#
#######§####### #H# \§.
..§⌠+ '⌠.§.# ##..§.#
###+##


You could see a minotaur.

Vanquished Creatures
  An entropy weaver (Gauntlet)
  Harold (D:8)
  A two-headed ogre (D:11)
  A hornet (D:10)
  Prince Ribbit (D:8)
  3 hippogriffs
  A redback (Gauntlet)
  A spriggan (D:7)
  A wyvern (D:9)
  A yak (Gauntlet)
  A soldier ant (D:10)
  A water moccasin (D:8)
  An ice beast (D:8)
  4 sky beasts
  3 orc warriors
  2 phantoms (D:10)
  2 ogres
  3 necrophages
  2 centaurs
  A big kobold (D:10)
  6 bullfrogs
  3 scorpions
  2 centaur zombies
  4 crimson imps
  7 orc priests
  6 hounds
  8 orc wizards
  4 bullfrog skeletons
  A centaur skeleton (D:9)
  An iguana (D:10)
  7 worker ants
  4 worker ant zombies
  4 gnolls (D:5)
  12 adders
  2 shadow imps
  2 oozes (D:4)
  3 worms
  A dart slug (D:5)
  6 leopard geckos
  28 orcs
  6 giant cockroaches
  6 goblins
  3 hobgoblins
  7 jackals
  2 quokkas
  3 ball pythons
  11 bats
  4 frilled lizards
  13 kobolds
  A leopard gecko zombie (D:5)
  A quokka skeleton (D:5)
  3 rats
203 creatures vanquished.

Vanquished Creatures (collateral kills)
  A gnoll shaman (D:8)
  5 gnolls (D:8)
6 creatures vanquished.

Vanquished Creatures (others)
  A demonic plant (Gauntlet)
1 creature vanquished.

Grand Total: 210 creatures vanquished

Notes
Turn   | Place    | Note
-------+----------+-------------------------------------------
     0 | D:1      | MrRokkomies the Spriggan Venom Mage began the quest for the
                  | Orb.
     0 | D:1      | Reached XP level 1. HP: 9/9 MP: 5/5
   405 | D:1      | Reached XP level 2. HP: 13/13 MP: 2/6
  1077 | D:2      | Learned a level 2 spell: Poisonous Vapours
  1144 | D:2      | Reached XP level 3. HP: 16/16 MP: 5/8
  1149 | D:2      | Learned a level 3 spell: Mephitic Cloud
  1581 | D:2      | Found a white marble altar of Elyvilon.
  1644 | D:2      | Reached XP level 4. HP: 16/21 MP: 7/9
  2271 | D:3      | Reached XP level 5. HP: 23/24 MP: 3/10
  2431 | D:3      | Found an ancient bone altar of Kikubaaqudgha.
  2674 | D:3      | Found a shimmering altar of Xom.
  2852 | D:4      | Found a shadowy altar of Dithmenos.
  2895 | D:4      | Reached skill level 1 in Air Magic
  3212 | D:4      | Found a sparkling altar of Nemelex Xobeh.
  3331 | D:5      | Entered Level 5 of the Dungeon
  3372 | D:5      | Learned a level 3 spell: Ignite Poison
  3378 | D:5      | Reached XP level 6. HP: 28/28 MP: 4/11
  3400 | D:5      | Reached skill level 5 in Stealth
  3415 | D:5      | Reached skill level 5 in Dodging
  3784 | D:5      | Reached skill level 5 in Poison Magic
  4348 | D:5      | Found a hazy altar of Hepliaklqana.
  4393 | D:5      | Reached XP level 7. HP: 32/32 MP: 8/12
  6109 | D:7      | Reached XP level 8. HP: 36/36 MP: 8/13
  6800 | D:7      | Found an opulent altar of Gozag.
  6829 | D:7      | Became a worshipper of Gozag Ym Sagoz the Greedy
  6869 | D:7      | Reached skill level 5 in Air Magic
  7017 | D:7      | Reached skill level 1 in Fighting
  7136 | D:7      | Found a staircase to the Ecumenical Temple.
  7301 | D:8      | Noticed a hippogriff
  7352 | D:8      | Killed a hippogriff
  7483 | D:8      | Noticed Prince Ribbit
  7485 | D:8      | Reached XP level 9. HP: 36/42 MP: 13/16
  7492 | D:8      | Killed Prince Ribbit
  7784 | D:8      | Learned a level 4 spell: Olgreb's Toxic Radiance
  7788 | D:8      | Learned a level 3 spell: Ozocubu's Armour
  7868 | D:8      | Reached skill level 5 in Spellcasting
  7868 | D:8      | Reached skill level 1 in Charms
  7968 | D:8      | Reached skill level 1 in Ice Magic
  7977 | D:8      | Identified 2 scrolls of acquirement
  7978 | D:8      | Got a dazzling buckler
  7985 | D:8      | Identified the +0 buckler "Qomon" {rN+ Stlth+} (You
                  | acquired it on level 8 of the Dungeon)
  8017 | D:8      | Found a blossoming altar of Fedhas.
  8049 | D:8      | Noticed Harold
  8239 | D:8      | Killed Harold
  8289 | D:8      | Found Eloosu's Distillery.
  8339 | D:8      | Found a stormy altar of Qazlal.
  8340 | D:8      | Found an ornate altar of the Wu Jian Council.
  8376 | D:8      | Found a burning altar of Makhleb.
  8380 | D:8      | Found a radiant altar of Vehumet.
  8740 | D:9      | Found an iron altar of Okawaru.
  8826 | D:9      | Reached XP level 10. HP: 29/51 MP: 3/18
  9110 | D:9      | Found a shattered altar of Ashenzari.
  9371 | D:9      | Got an ancient fustibalus
  9372 | D:9      | Identified the +4 fustibalus "Arbiter" {velocity, +Inv
                  | rC+++ MP-9 SInv} (You found it on level 9 of the Dungeon)
  9497 | D:9      | Found a staircase to the Orcish Mines.
  9673 | D:10     | Entered Level 10 of the Dungeon
  9780 | D:10     | Reached skill level 1 in Evocations
  9795 | D:10     | Reached skill level 5 in Fighting
  9849 | D:10     | Reached skill level 1 in Slings
 10938 | D:11     | Found a gate leading to a gauntlet.
 10939 | D:11     | Noticed a two-headed ogre
 10947 | D:11     | Killed a two-headed ogre
 10947 | D:11     | Reached skill level 5 in Ice Magic
 10951 | Gauntlet | Entered a Gauntlet
 10951 | Gauntlet | Found a transporter.
 10951 | Gauntlet | Found a transporter.
 10951 | Gauntlet | Found a transporter.
 10951 | Gauntlet | Noticed a torpor snail
 10972 | Gauntlet | Found a transporter.
 10985 | Gauntlet | Found a transporter.
 10987 | Gauntlet | Found a transporter.
 10995 | Gauntlet | Found a transporter.
 10996 | Gauntlet | Noticed an entropy weaver
 11014 | Gauntlet | Found a transporter.
 11019 | Gauntlet | Noticed a death ooze
 11031 | Gauntlet | Found a transporter.
 11034 | Gauntlet | Found a transporter.
 11045 | Gauntlet | Found a transporter.
 11045 | Gauntlet | Found a transporter.
 11051 | Gauntlet | Noticed a sixfirhy
 11056 | Gauntlet | Noticed a sixfirhy
 11259 | Gauntlet | Identified the Incunabulum of Glacial Stones
 11372 | Gauntlet | Got a faintly glowing sapphire amulet
 11384 | Gauntlet | Killed an entropy weaver
 11384 | Gauntlet | Reached XP level 11. HP: 58/58 MP: 3/19
 11394 | Gauntlet | Identified the amulet of Inoipn Nehe {Spirit rC++ Str+4}
                  | (You found it in a Gauntlet)
 11598 | Gauntlet | Noticed a minotaur
 11618 | Gauntlet | Hit by a javelin thrown by a minotaur

Levels and vault maps discovered:
D:1:      minmay_arrival_loop, layout_basic
D:2:      layout_basic, elyvilon_altar_4, first_ration
D:3:      layout_rooms, marbit_many_paths, brannock_xom_greatest_gift
D:4:      layout_rooms, nemelex_altar_shiori, hex_medium, grunt_decor_cap,
          grunt_dithmenos_smoke
D:5:      layout_loops_ring, lemuel_coloured_pillars_altar
D:6:      layout_basic
D:7:      layout_basic, kennysheep_mini, minmay_temple_entry_enclosed_plants,
          the_bakery
D:8:      layout_cave_pools, lemuel_round_altar,
          grunt_temple_overflow_cloverleaf, serial_shops, shop,
          nicolae_straight_to_the_point, uniq_prince_ribbit1, uniq_harold
D:9:      layout_basic, okawaru_ov_weapons_minmay, evilmike_ruin_ashenzari,
          orc_0_dummy
D:10:     layout_cave_pods
D:11:     layout_gridville, erik_lair_dragon, basic_altar,
          gauntlet_entry_generic, uniq_snorg
Gauntlet: minmay_gauntlet_mixed_big_or_small [nicolae_gauntlet_arena_x,
          minmay_gauntlet_arena_77_two_paths, gammafunk_gauntlet_arena_chambers,
          minmay_gauntlet_arena_77_mirror, gammafunk_gauntlet_arena_corners,
          minmay_gauntlet_arena_77_broken_ladder, gauntlet_exit_hidden_loot]

Skill      XL: |  1  2  3  4  5  6  7  8  9 10 |
---------------+-------------------------------+-----
Transmutations | 2 3 4 |  4.0
Dodging        | 4 5 6 7 8 |  8.3
Stealth        | 4 5 |  5.0
Poison Magic   | 4 5 6 7 8 |  8.0
Air Magic      | 1 2 4 5 |  5.0
Spellcasting   | 4 5 |  5.1
Fighting       | 2 4 6 |  6.6
Charms         | 4 |  4.1
Ice Magic      | 3 5 |  5.6
Evocations     | 4 |  4.6
Slings         | 4 |  4.0

Action                   |  1- 3 |  4- 6 |  7- 9 | 10-12 || total
-------------------------+-------+-------+-------+-------++-------
Melee: Mace              |    44 |   106 |   123 |       ||   273
       Staff             |       |       |    15 |     1 ||    16
       Dagger            |       |       |    34 |    39 ||    73
 Fire: Fustibalus        |       |       |       |    74 ||    74
Throw: Boomerang         |       |     3 |     8 |     2 ||    13
 Cast: Sting             |    37 |    36 |    48 |     7 ||   128
       Poisonous Vapours |       |    14 |    35 |    31 ||    80
       Mephitic Cloud    |       |     1 |    23 |     8 ||    32
       Ignite Poison     |       |     1 |    15 |    13 ||    29
       Olgreb's Toxic Ra |       |       |     1 |     5 ||     6
Evoke: Wand              |       |       |     2 |       ||     2
       Lamp of fire      |       |       |       |     1 ||     1
  Use: Scroll            |     8 |     4 |    11 |     5 ||    28
       Potion            |       |     1 |     1 |     2 ||     4
 Stab: Sleeping          |     1 |     7 |     4 |     1 ||    13
       Confused          |       |       |     3 |     1 ||     4
       Distracted        |       |       |       |     1 ||     1
  Eat: Ration            |       |     1 |     3 |     1 ||     5
Armor: Robe              |     5 |    13 |    16 |    13 ||    47
Dodge: Dodged            |    61 |   130 |   210 |   113 ||   514

Table legend:
 A = Non-vault XP
 B = Vault XP
 C = Vault XP percentage of total XP
 D = Non-vault monster count
 E = Vault monster count
 F = Vault count percentage of total count
                 A         B        C        D         E       F
            +---------+---------+-------+---------+---------+-------
      Total |    8115 |    3429 |  29.7 |     202 |       7 |   3.3
            +---------+---------+-------+---------+---------+-------
        D:1 |      27 |       0 |   0.0 |      17 |       0 |   0.0
        D:2 |      85 |       0 |   0.0 |      21 |       0 |   0.0
        D:3 |     163 |       2 |   1.2 |      29 |       1 |   3.3
        D:4 |      60 |       0 |   0.0 |       5 |       0 |   0.0
        D:5 |     541 |       0 |   0.0 |      25 |       0 |   0.0
        D:6 |     527 |       0 |   0.0 |      13 |       0 |   0.0
        D:7 |     743 |     224 |  23.2 |      17 |       1 |   5.6
        D:8 |    1375 |    1275 |  48.1 |      20 |       2 |   9.1
        D:9 |     922 |       0 |   0.0 |      14 |       0 |   0.0
       D:10 |    2223 |       0 |   0.0 |      37 |       0 |   0.0
       D:11 |    1449 |       0 |   0.0 |       4 |       0 |   0.0
   Gauntlet |       0 |    1928 | 100.0 |       0 |       3 | 100.0
            +---------+---------+-------+---------+---------+-------
